 Dungeon Crawl Stone Soup version 0.29.1-15-g9cfb28693d (webtiles) character file.

Game seed: 9530427514424316684

121 javelincjr the Magician (level 4, -3/33 HPs)
             Began as a Demonspawn Hedge Wizard on Apr 25, 2023.
             Was an Initiate of Ru.
             Killed from afar by an orc wizard (11 damage)
             ... with a magic dart
             ... on level 3 of the Dungeon.
             The game lasted 00:13:23 (4457 turns).

javelincjr the Magician (Demonspawn Hedge Wizard)   Turns: 4457, Time: 00:13:23

Health: -3/33      AC:  5    Str: 11    XL:     4   Next: 77%
Magic:  9/9        EV: 12    Int: 14    God:    Ru [......]
Gold:   136        SH:  0    Dex: 17    Spells: 5/10 levels left

rFire   . . .      SeeInvis .   a - +0 dagger
rCold   . . .      Faith    .   (no shield)
rNeg    . . .      Spirit   .   b - +0 robe
rPois   .          Reflect  .   c - +0 hat
rElec   .          Harm     .   (no cloak)
rCorr   .          Rampage  .   (no gloves)
Will    .....      Rage     3%  f - +0 pair of boots
Stlth   ++........              (no amulet)
HPRegen 0.11/turn               (no ring)
MPRegen 0.11/turn               (no ring)

@: no status effects
A: claws 1, yellow scales 1, powered by death 1, agile 1, berserk 1, evolution 1
a: Renounce Religion, Sacrifice an Eye, Sacrifice Drink, Sacrifice Experience,
Reject Sacrifices


You were on level 3 of the Dungeon.
You worshipped Ru.
Ru was noncommittal.
You visited 1 branch of the dungeon, and saw 3 of its levels.

You collected 136 gold pieces.

Inventory:

Hand Weapons
 a - a +0 dagger (weapon)
Missiles
 p - 3 silver javelins
Armour
 b - a +0 robe (worn)
 c - a +0 hat (worn)
 f - a +0 pair of boots (worn)
Scrolls
 g - a scroll of silence {unknown}
 h - 4 scrolls of teleportation {unknown}
 j - 3 scrolls of enchant weapon {unknown}
 k - 3 scrolls of vulnerability {unknown}
 q - 4 scrolls of identify {unknown}
 r - a scroll of summoning {unknown}
Potions
 d - a potion of magic
 e - a potion of flight {unknown}
 i - a potion of curing {unknown}
 l - a potion of heal wounds {unknown}
 m - a potion of haste {unknown}
 n - a potion of berserk rage {unknown}
 o - a potion of cancellation {unknown}


   Skills:
 * Level 1.8 Fighting
 + Level 1.1 Armour
 + Level 2.1 Dodging
 - Level 1.8 Stealth
 * Level 3.6 Spellcasting
 + Level 1.7 Conjurations
 + Level 1.7 Summonings
 + Level 1.4 Translocations


You had 5 spell levels left.
You knew the following spells:

 Your Spells              Type           Power      Damage    Failure   Level
a - Magic Dart            Conj           28%        1d4       10%         1
b - Call Imp              Summ           7%         N/A       14%         2
c - Blink                 Tloc           12%        N/A       17%         2

Your spell library contained the following spells:

 Spells                   Type           Power      Damage    Failure   Level
 Slow                     Hex            8%         N/A       21%         1
 Sublimation of Blood     Necr           2%         N/A       30%         2
 Wereblood                Tmut           2%         N/A       30%         2
 Conjure Flame            Conj/Fire      5%         6-21      38%         3
 Mephitic Cloud           Conj/Pois/Air  4%         N/A       43%         3
 Tukima's Dance           Hex            2%         N/A       52%         3
 Passage of Golubria      Tloc           6%         N/A       73%         4
 Yara's Violent Unravell  Hex/Tmut       1%         3d3       99%         5
 Summon Hydra             Summ           3%         N/A       100%        7


Dungeon Overview and Level Annotations

Branches:
Dungeon (3/15)

Altars:
Ru

Shops:
D:1 (

Annotations:
D:2 Sigmund


Innate Abilities, Weirdness & Mutations

You have sharp fingernails.
You are partially covered in yellow scales. (AC +2)
You regenerate a little health from kills.
You are agile. (Dex +4, Str/Int -1)
You sometimes lose your temper in combat.
You have hidden genetic potential.


Message History

The orc wizard flickers and vanishes!
Deactivating autopickup; reactivate with Ctrl-A.
You bump into the rock wall.
Something hits you.
You feel less confused.
You hit something. Something hits you.
You barely miss something. Something hits you.
You hit something. Something hits you.
You closely miss something. Something hits you but does no damage.
You barely miss something.
You hear some strange, mumbled words.
Something tries to affect you, but you resist.
You hit something but do no damage. Something hits you but does no damage.
You miss something.
You hear some strange, mumbled words.
Something tries to affect you, but you resist.
You hit something but do no damage. Something hits you.
You hit something but do no damage.
You hear some strange, mumbled words.
You are confused.
You miss something. Something hits you.
You bump into the rock wall.
You hear some strange, mumbled words.
A puff of flame appears from out of thin air!
The puff of flame hits you. Something hits you.
You closely miss something. Something hits you but does no damage.
Something hits you.
You hit something but do no damage.
You feel less confused. Something hits you.
* * * LOW HITPOINT WARNING * * *
You closely miss something. Something hits you.
* * * LOW HITPOINT WARNING * * *
You hit something. You claw something. Something barely misses you.
You barely miss something. Something hits you but does no damage.
You barely miss something.
You hear some strange, mumbled words.
A magic dart appears from out of thin air!
The magic dart hits you!
You die...

###...#.....#
#...###.##.##
##.## #.#...#
#.####.#...###
#............#
#.####........
#.# #.......#
#{# ###...#.#
#@# #...# .
#.# #.### #.#
#...##### #..
###.#.....##
#..
...........#
#... #.....#
#..8 ##.8..#
#...# ##5..##
##..##


There were no monsters in sight!

Vanquished Creatures
  Jessica (D:3)
  2 adders (D:2)
  An ufetubus (D:3)
  A dart slug (D:1)
  6 bats
  7 endoplasms
  A giant cockroach (D:2)
  7 goblins
  6 hobgoblins
  2 quokkas
  6 ball pythons
  2 frilled lizards
  7 kobolds
  3 rats
52 creatures vanquished.

Vanquished Creatures (collateral kills)
  An adder (D:2)
  A worm (D:2)
  An orc (D:3)
3 creatures vanquished.

Vanquished Creatures (others)
  An orc (D:3)
1 creature vanquished.

Grand Total: 56 creatures vanquished

Notes
Turn   | Place    | Note
-------+----------+-------------------------------------------
     0 | D:1      | javelincjr the Demonspawn Hedge Wizard began the quest for
                  | the Orb.
     0 | D:1      | Reached XP level 1. HP: 13/13 MP: 4/4
   308 | D:1      | Reached skill level 1 in Translocations
   316 | D:1      | Gained mutation: You have sharp fingernails. [demonic
                  | ancestry]
   316 | D:1      | Reached XP level 2. HP: 11/20 MP: 1/6
   565 | D:1      | Found Ynujuemm's Weapon Shop.
   951 | D:1      | Reached skill level 1 in Fighting
  1273 | D:1      | Found a faded altar of an unknown god.
  1281 | D:1      | Prayed at the altar of an unknown god.
  1281 | D:1      | Became a worshipper of Ru the Awakened
  1307 | D:1      | Gained mutation: You regenerate a little health from kills.
                  | [demonic ancestry]
  1307 | D:1      | Reached XP level 3. HP: 18/26 MP: 0/7
  1844 | D:1      | Learned a level 2 spell: Call Imp
  2026 | D:2      | Noticed Sigmund
  2650 | D:2      | Found a sacrificial altar of Ru.
  2873 | D:2      | Gained mutation: You are partially covered in yellow
                  | scales. (AC +2) [demonic ancestry]
  2873 | D:2      | Reached XP level 4. HP: 32/32 MP: 0/9
  3480 | D:2      | Gained mutation: You are agile. (Dex +4, Str/Int -1)
                  | [potion of mutation]
  3480 | D:2      | Gained mutation: You have hidden genetic potential. [potion
                  | of mutation]
  3480 | D:2      | Gained mutation: You sometimes lose your temper in combat.
                  | [potion of mutation]
  3770 | D:3      | Learned a level 2 spell: Blink
  3773 | D:3      | Noticed Jessica
  3781 | D:3      | Killed Jessica
  3782 | D:3      | Reached skill level 1 in Armour
  4155 | D:3      | Noticed an ogre
  4457 | D:3      | Killed from afar by an orc wizard

Illustrated notes

Levels and vault maps discovered:
D:1:      dpeg_arrival_simpleton_c, layout_rooms,
          hellmonk_ecumenical_altar_crossroads, serial_shops,
          nicolae_shop_waterfront, chequers_serial_rivers_room_a
D:2:      minmay_razor_zed, layout_basic, basic_altar, bh_walls_and_bars,
          uniq_sigmund
D:3:      layout_loops_ring, lemuel_crystal_altar,
          nicolae_overflow_ecumenical_swirl, hangedman_decor_peaks_small,
          hangedman_decor_push, kennysheep_generic_room_12, uniq_jessica

Skill      XL: |  1  2  3  4 |
---------------+-------------+-----
Translocations | 1 |  1.4
Fighting       | 1 |  1.8
Dodging        | 2 |  2.1
Armour         | 1 |  1.1
Stealth        | |  1.8
Spellcasting   | |  3.6
Conjurations   | |  1.7
Summonings     | |  1.7

Action                   |  1- 3 |  4- 6 || total
-------------------------+-------+-------++-------
Melee: Dagger            |    65 |    32 ||    97
       Punch             |     5 |     1 ||     6
 Cast: Magic Dart        |   108 |    32 ||   140
       Call Imp          |     3 |     9 ||    12
  Use: Potion            |       |     1 ||     1
 Stab: Distracted        |     1 |     1 ||     2
Armor: Robe              |    11 |    10 ||    21
Dodge: Dodged            |    40 |    23 ||    63
